 Dungeon Crawl Stone Soup version 0.17-a0-2093-gc772f4b (webtiles) character file.

163 ololoev the Conjurer (level 5, 0/35 HPs)
             Began as a Demonspawn Fire Elementalist on Oct 16, 2015.
             Slain by a gnoll
             ... wielding a +0 spear
              (6 damage)
             ... on level 4 of the Dungeon.
             The game lasted 00:11:23 (3544 turns).

ololoev the Conjurer (Demonspawn Fire Elementalist) Turns: 3544, Time: 00:11:23

Health: 0/35       AC:  2    Str:  8    XL:     5   Next: 20%
Magic:  6/9        EV: 17    Int: 18    God:
Gold:   136        SH:  0    Dex: 15    Spells: 2 memorised, 5 levels left

rFire  . . .     SeeInvis .     m - +2 spear (flame)
rCold  . . .     Clarity  .     a - +0 robe
rNeg   + . .     SustAt   .     (no shield)
rPois  .         Gourm    .     (no helmet)
rElec  .         Spirit   .     (no cloak)
rCorr  .         Warding  +     (no gloves)
rMut   .         Stasis   .     (no boots)
MR     .....                    i - amulet of warding
Stlth  +++.......               (no ring)
                                k - -3 ring of dexterity (curse)

@: agile, not resistant to hostile enchantments, fairly stealthy
A: claws 1, powered by pain 2
a: no special abilities


Innate Abilities, Weirdness & Mutations

You have sharp fingernails.
You sometimes gain power by taking damage.

Inventory:

Hand Weapons
 m - a +2 spear of flaming (weapon)
Missiles
 u - a throwing net (quivered)
Armour
 a - a +0 robe (worn)
Jewellery
 i - an amulet of warding (around neck)
 k - a cursed -3 ring of dexterity (left claw)
 r - an uncursed amulet of resist mutation
Scrolls
 e - 3 scrolls of magic mapping {unknown}
 h - 2 scrolls of remove curse {unknown}
 n - 2 scrolls of blinking {unknown}
 q - 2 scrolls of fog {unknown}
 s - a scroll of enchant weapon {unknown}
 t - a scroll of recharging {unknown}
Potions
 d - a potion of heal wounds {unknown}
 f - 2 potions of degeneration {unknown}
 l - a potion of agility
 o - a potion of cancellation {unknown}
 p - a potion of brilliance {unknown}
Books
 b - a book of Flames

   Spells                             Type                      Level
   a - Flame Tongue                   Conjuration/Fire             1
   b - Throw Flame                    Conjuration/Fire             2
   c - Conjure Flame                  Conjuration/Fire             3
   d - Inner Flame                    Hexes/Fire                   3
   e - Sticky Flame                   Conjuration/Fire             4
   f - Fireball                       Conjuration/Fire             5
Comestibles
 c - 3 bread rations
 g - a beef jerky
 j - a slice of pizza
 v - 6 chunks of flesh


   Skills:
 - Level 1.7 Dodging
 - Level 1.7 Stealth
 + Level 2.7 Spellcasting
 * Level 3.8 Conjurations
 + Level 3.6 Fire Magic


You had 5 spell levels left.
You knew the following spells:

 Your Spells              Type           Power        Failure   Level  Hunger
a - Flame Tongue          Conj/Fire      ###..        4%          1    #......
b - Conjure Flame         Conj/Fire      ###.....     14%         3    ###....


You were on level 4 of the Dungeon.
You were not hungry.

You visited 1 branch of the dungeon, and saw 4 of its levels.

You collected 136 gold pieces.

.............####....###
#..g....##.####.####
#...#.####.##...####
#.#.....##............
#. ##.##.###....#######
#. ..#..#[..........# #
$...(...##g#####.#
..>......#h## #.
..#......##@# .# ....
..####...###)## #. #...
### ..#.. ##.# .# ## ...
...... #.###.# #..#..#
........###.#.# .......
....(..#.# #...#
.......# .... ... ##'##
#.S[.... .... #.# #...#
#< ..... #.# #...# ##

Notes
Turn   | Place    | Note
--------------------------------------------------------------
     0 | D:1      | ololoev the Demonspawn Fire Elementalist began the quest for the Orb.
     0 | D:1      | Reached XP level 1. HP: 13/13 MP: 3/3
   204 | D:1      | Gained mutation: You have sharp fingernails. [demonic ancestry]
   204 | D:1      | Reached XP level 2. HP: 8/19 MP: 3/5
  1019 | D:2      | Reached XP level 3. HP: 16/24 MP: 4/6
  1146 | D:2      | Reached skill level 3 in Fire Magic
  1547 | D:2      | Gained mutation: You sometimes gain a little power by taking damage. [demonic ancestry]
  1547 | D:2      | Reached XP level 4. HP: 30/30 MP: 3/7
  1987 | D:3      | Learned a level 3 spell: Conjure Flame
  3241 | D:4      | Noticed a water moccasin
  3270 | D:3      | Gained mutation: You sometimes gain power by taking damage. [demonic ancestry]
  3270 | D:3      | Reached XP level 5. HP: 35/35 MP: 8/8
  3301 | D:4      | Noticed Sigmund
  3544 | D:4      | Slain by a gnoll

Dungeon Overview and Level Annotations

Branches:
Dungeon (4/15)
 Temple: D:4-7

Altars:

Annotations:
D:4 Sigmund


Message History

A gnoll comes into view. It is wielding a spear.
The gnoll shouts!
The gnoll shouts!
The gnoll drinks a potion.
The gnoll suddenly seems more agile.
The hound barely misses you. The hound bites you. The hound bites you.
Casting: Conjure Flame
Confirm with . or Enter, or press ? or * to list all spells.
Aiming: Flame Tongue
Press: ? - help, Shift-Dir - straight line, f - hound
Aim: a hound The flame tongue hits the hound.
The hound is lightly wounded.
The hound barely misses you.
Casting: Flame Tongue
Confirm with . or Enter, or press ? or * to list all spells.
Aiming: Flame Tongue
Press: ? - help, Shift-Dir - straight line, f/p - hound
Aim: a hound (lightly wounded)
The flame tongue hits the hound.
The hound is heavily wounded.
The hound bites you. x2
The gnoll misses you. The hound bites you.
Casting: Flame Tongue
Confirm with . or Enter, or press ? or * to list all spells.
Aiming: Flame Tongue
Press: ? - help, Shift-Dir - straight line, f - gnoll, p - hound
Aim: a gnoll, wielding a spear (unusually agile)
The flame tongue hits the hound.
The hound is severely wounded.
The hound completely misses you.
The gnoll hits you from afar with a spear!
The hound barely misses you.
Drink which item? (? for menu, Esc to quit)
You feel agile all of a sudden. The hound bites you.
The gnoll hits you from afar with a spear.
You die...

You could see a hound and a gnoll.

Vanquished Creatures
  5 adders
  A gnoll (D:4)
  An adder skeleton (D:4)
  4 worms
  7 giant geckos
  8 orcs
  5 bats
  2 giant cockroaches
  8 hobgoblins
  5 jackals
  2 quokkas (D:3)
  2 giant newts
  12 goblins
  9 kobolds
  5 rats
76 creatures vanquished.

Action                   |  1- 3 |  4- 6 || total
-------------------------+-------+-------++-------
Melee: Short sword       |    12 |       ||    12
       Spear             |       |    60 ||    60
 Cast: Flame Tongue      |    68 |    40 ||   108
       Conjure Flame     |       |     4 ||     4
  Use: Potion            |       |     1 ||     1
 Stab: Sleeping          |     1 |     3 ||     4
  Eat: Chunk             |     3 |     5 ||     8
       Meat ration       |       |     1 ||     1

Vault maps used:
D:1:      minmay_arrival_wavy_path
D:3:      first_bread, glass_columns_a, corexii_item_surrounded_by_moat
D:4:      grunt_decor_clamped, uniq_sigmund, uniq_edmund
